FIQ, neutral male scurrid Tourist HV |g. |r. |.. FIQ the Rambler Experience level: 1 Strength: 14 Dexterity: 10 Constitution: 14 Intelligence: 15 Wisdom: 13 Charisma: 13 Health: 0(9) Energy: 2(2) Def: 0 Gold: 364 Moves: 72 Dungeon seed: 7kjCFZVPWEJ7G79M Game ID: FIQ_1498602764 Your Inventory: Coins $ - 364 gold pieces Weapons a - 45 blessed +2 darts (in quiver) Armor e - an uncursed +0 Hawaiian shirt (being worn) Comestibles b - 5 uncursed food rations c - an uncursed chestnut d - an uncursed tin of newt meat f - an uncursed tripe ration g - 2 uncursed eggs h - an uncursed fortune cookie Scrolls j - 4 uncursed scrolls of magic mapping Potions i - 2 uncursed potions of extra healing Wands m - an uncursed wand of secret door detection (0:12) Tools k - an uncursed expensive camera (0:54) l - an uncursed credit card n - an uncursed tin opener Spells and supernatural/magical abilities: Name Level Category Fail Memory W - pray for help -- divine ? -- Your skills at the end: Miscellaneous Skills wands [Basic] Weapon Skills dart [Basic] Spellcasting Skills Final Attributes: You were devoutly aligned. You had infravision. You were very stealthy. You are dead. Voluntary challenges: You went without food. You did not adorn yourself with jewelry or accessories. You did not cause conflict. You were not invisible. You did not have reflection. You were not displaced. You were an atheist. You never hit with a wielded weapon. You were a pacifist. You did not use tools. You did not use plumbed fixtures. You did not drink any magical draughts. You were illiterate. You never genocided any monsters. You never polymorphed an object. You never changed form. You used no wishes. You never split a pudding. You never wrote Elbereth's name. You never violated your personal moral code. Dungeon overview: The Dungeons of Doom: levels 1 to 22 Level 1 a long staircase Level 2 Level 3 Level 4 Level 5 Level 6 Level 7 Level 8 Level 9 Level 10 Level 11 Level 12 Level 13 Level 14 Level 15 Level 16 a fountain Level 17 Level 18 Level 19 Level 20 Level 21 a fountain Level 22 <- You were here History has recorded: On T:1 you entered the Dungeons of Doom to retrieve the Amulet of Yendor! On T:4 you reached level 2 of The Dungeons of Doom. On T:7 you reached level 3 of The Dungeons of Doom. On T:9 you reached level 4 of The Dungeons of Doom. On T:11 you reached level 5 of The Dungeons of Doom. On T:13 you reached level 6 of The Dungeons of Doom. On T:16 you reached level 7 of The Dungeons of Doom. On T:18 you reached level 8 of The Dungeons of Doom. On T:20 you reached level 9 of The Dungeons of Doom. On T:22 you reached level 10 of The Dungeons of Doom. On T:25 you reached level 11 of The Dungeons of Doom. On T:48 you reached level 12 of The Dungeons of Doom. On T:50 you reached level 13 of The Dungeons of Doom. On T:52 you reached level 14 of The Dungeons of Doom. On T:55 you reached level 15 of The Dungeons of Doom. On T:55 you entered the Rogue tribute level. On T:57 you reached level 16 of The Dungeons of Doom. On T:59 you reached level 17 of The Dungeons of Doom. On T:61 you reached level 18 of The Dungeons of Doom. On T:64 you reached level 19 of The Dungeons of Doom. On T:66 you reached level 20 of The Dungeons of Doom. On T:70 you reached level 21 of The Dungeons of Doom. On T:72 you reached level 22 of The Dungeons of Doom. Score breakdown: Gold: 0 ( 0 points) Experience: 1 level ( 0 points) Exploration: 22 levels ( 630 points) Discoveries: 1 item ( 50 points) Variety of kills: 0 monsters ( 0 points) Major goal: (nothing yet) ( 0 points) Survival: died (score multiplied by 3) Total score: 2040 Latest messages: The frost giant drinks a golden potion! The frost giant seems more experienced. You start digging downward. You continue digging downward. You dig a pit in the floor. You continue digging downward. You dig a hole through the floor. You fall through... That command is only available in debug mode. You have no weapon equipped. You start digging downward. You continue digging downward. You dig a pit in the floor. You continue digging downward. You dig a hole through the floor. You fall through... You start digging downward. You continue digging downward. You dig a pit in the floor. You continue digging downward. You dig a hole through the floor. You fall through... The emerald potion misses the gremlin. The carafe crashes on your head and breaks into shards. This burns! You die... Final status: Aloha FIQ the Tourist, killed by being doused in acid... You died in The Dungeons of Doom on dungeon level 22 with 2040 points, and 364 pieces of gold, after 72 moves. You were level 1 with a maximum of 9 hit points when you died.